 Dungeon Sprint DCSS version 0.31.0-12-g77e489cdc1 (webtiles) character file.

Game seed: 5923086189282306290

0 DeltaZero the Chopper (level 1, -12/28 HPs)
             Began as a Minotaur Berserker on Feb 12, 2024.
             Was a Follower of Trog.
             Mangled by a snapping turtle (31 damage)
             ... in the Dungeon (Sprint VII: "The Pits").
             The game lasted 00:00:12 (27 turns).

DeltaZero the Chopper (Minotaur Berserker)            Turns: 27, Time: 00:00:14

Health: -12/28     AC:  2    Str: 21    XL:     1   Next: 0%
Magic:  0/0        EV: 12    Int:  4    God:    Trog [*.....]
Gold:   0          SH:  0    Dex:  9    Spells: 0/0 levels left

rFire   . . .        a - +0 hand axe
rCold   . . .        (no shield)
rNeg    . . .        b - +0 animal skin
rPois   .            (helmet restricted)
rElec   .            (no cloak)
rCorr   .            (no gloves)
SInv    .            (no boots)
Will    .....        (no amulet) Stlth
                     (no ring)
HPRegen 0.24/turn    (no ring)
MPRegen 0.07/turn

%: no teleportation
@: berserking, very quick
A: horns 2, retaliatory headbutt
a: Renounce Religion, Berserk


You were in the Dungeon.
You worshipped Trog.
Trog was aware of your devotion.
You visited 1 branch

Inventory:

Hand Weapons
 a - a +0 hand axe (weapon)
Armour
 b - a +0 animal skin (worn)
Scrolls
 h - a scroll of blinking
Potions
 c - a potion of curing
 d - a potion of heal wounds
 e - a potion of haste
 f - 2 potions of magic
 g - a potion of berserk rage


   Skills:
 + Level 3.6 Fighting
 + Level 3.6 Axes
 + Level 2.4 Armour
 + Level 2.1 Dodging


You couldn't memorise any spells.
You didn't know any spells.
Your spell library was empty.

Dungeon Overview and Level Annotations

Branches:
Dungeon (1/1)

Altars:

Annotations:
D Erica


Innate Abilities, Weirdness & Mutations

You have a pair of horns on your head.
You reflexively headbutt those who attack you in melee.


Message History

Welcome, DeltaZero the Minotaur Berserker. [Dungeon Sprint] Trog says: Kill them all!
Press ? for a list of commands and other information.
Found a staircase leading out of the dungeon.
You open the door.
There is an open door to the Entrance Hall (Safe) here.
You open the huge gate.
There is a huge open gate to the Metal Vault (Medium) here.
There is a huge open gate to the Metal Vault (Medium) here.
You open the gate.
A snapping turtle, a river rat and Erica come into view.
Erica is wielding a +3 scimitar of flaming.
The snapping turtle hisses angrily.
Erica shouts!
The river rat squeaks loudly.
There is an open gate here.
A red film seems to cover your vision as you go berserk!
You feel yourself moving faster!
You feel mighty!
The snapping turtle bites you from afar.
Erica casts a spell.
Erica flickers and vanishes!
Deactivating autopickup; reactivate with Ctrl-A.
The river rat barely misses you.
You slash the river rat!
The river rat is almost dead.
The snapping turtle misses you.
You barely miss the river rat.
The river rat is almost dead.
The river rat bites you.
You slash the river rat!
You kill the river rat!
Trog accepts your kill.
You barely miss something.
The snapping turtle bites you from afar!!
Ouch! That really hurt!
You die...

#................#
####'#####''######
#.......##''#
#.......##..#
#.......##..#
#...<...##..####
#.......##..#..###
#.......##..#.{..##
#.......##..'@.t..#
##########..'.....+
#..'.....#
#..#....##
#..#..### #..####
#..# #..#


You could see a snapping turtle.

Vanquished Creatures
  A river rat (D)
1 creature vanquished.

Notes
Turn   | Place    | Note
-------+----------+-------------------------------------------
     0 | D        | DeltaZero the Minotaur Berserker began the quest for the
                  | Orb.
     0 | D        | Reached XP level 1. HP: 19/19 MP: 0/0
    21 | D        | Noticed a snapping turtle
    21 | D        | Noticed Erica
    27 | D        | Mangled by a snapping turtle

Illustrated notes

Levels and vault maps discovered:
D:        pitsprint [storerooms_1, entrance_room_1, metal_vault_1, armoury_2,
          mini_pit_1, grid_room_1, main_hall_1, silver_pit, the_coven_1,
          the_vestibule_1, steel_vault_1, golden_pit, hallway_of_sentries,
          crystal_vault_5, iron_vault_1, final_vault]

Action                     || total
---------------------------++-------
  Melee: Hand axe          ||     3
 Invoke: Berserk           ||     1
 Armour: Animal skin       ||     3
  Dodge: Dodged            ||     2
